 Dungeon Crawl Stone Soup version 0.22-a0-161-g198051c (webtiles) character file.

15935 Gorglomux the Fighter (level 12, -5/100 HPs)
             Began as a Mummy Wizard on Feb 11, 2018.
             Was a High Priest of Ashenzari.
             Slain by a wyvern (16 damage)
             ... on level 2 of the Lair of Beasts.
             The game lasted 00:44:30 (16594 turns).

Gorglomux the Fighter (Mummy Wizard)               Turns: 16594, Time: 00:44:31

Health: -5/100     AC:  6    Str: 13    XL:     12   Next: 5%
Magic:  5/23       EV: 12    Int: 22    God:    Ashenzari [*****.]
Gold:   643        SH:  4    Dex:  8    Spells: 4/26 levels left

rFire    . . .     SeeInvis +   W - staff of wizardry (curse)
rCold    . . .     Gourm    .   K - +0 buckler (curse)
rNeg     + + +     Faith    .   v - +0 ring mail of Asuffimi {rPois rN+ Str+3 Dex-3}
rPois    ∞         Spirit   .   b - +0 hat
rElec    .         Reflect  .   (no cloak)
rCorr    .         Harm     .   A - +0 pair of gloves (curse)
MR       +....     Clarity  +   (no boots)
Stlth    ++........             j - amulet of magic regeneration (curse)
HPRegen  0.26/turn              x - ring of stealth (curse)
MPRegen  0.43/turn              u - ring of fire

@: no status effects
A: no food or potions, fire vulnerability, cold resistance 1, negative energy
resistance 3, torment resistance, unbreathing
a: Curse Item, Scrying, Transfer Knowledge, Renounce Religion


You were on level 2 of the Lair of Beasts.
You worshipped Ashenzari.
Ashenzari was extremely pleased with you.
You were not hungry.

You visited 3 branches of the dungeon, and saw 15 of its levels.
You also visited: Ossuary.

You collected 891 gold pieces.
You spent 248 gold pieces at shops.

Inventory:

Armour
 a - a +0 robe
 b - a +0 hat (worn)
 v - the +0 ring mail of Asuffimi (worn) {rPois rN+ Str+3 Dex-3}
   (You found it on level 1 of the Lair of Beasts)

   It affects your strength (+3).
   It affects your dexterity (-3).
   It protects you from poison.
   It protects you from negative energy.
 A - a cursed +0 pair of gloves (worn)
 K - a cursed +0 buckler (worn)
Magical Staves
 z - an uncursed staff of power
 W - a cursed staff of wizardry (weapon)
Jewellery
 j - a cursed amulet of magic regeneration (around neck)
 u - a ring of fire (right hand)
 x - a cursed ring of stealth (left hand)
 J - an uncursed amulet of the acrobat
 L - a +3 ring of protection
Wands
 D - a wand of random effects (13)
 E - a wand of enslavement (11)
 I - a wand of iceblast (8)
 O - a wand of clouds (9)
 P - a wand of paralysis (7)
 V - a wand of flame (32)
Scrolls
 w - a scroll of torment {unknown}
 y - 3 scrolls of enchant weapon
 B - 3 scrolls of blinking
 C - a scroll of fear
 M - 4 scrolls of magic mapping
 N - a scroll of enchant armour
 Q - a scroll of fog
 R - 5 scrolls of identify
 T - 3 scrolls of teleportation
 U - 3 scrolls of amnesia
 X - a scroll of vulnerability
 Y - a scroll of summoning
Books
 c - a book of Minor Magic

   Spells                             Type                      Level
   a - Magic Dart                     Conjuration                  1
   b - Blink                          Translocation                2
   c - Call Imp                       Summoning                    2
   d - Slow                           Hexes                        2
   e - Conjure Flame                  Conjuration/Fire             3
   f - Mephitic Cloud                 Conjuration/Poison/Air       3
 F - a book of Geomancy

   Spells                             Type                      Level
   a - Sandblast                      Earth                        1
   b - Passwall                       Transmutation/Earth          2
   c - Stone Arrow                    Conjuration/Earth            3
   d - Petrify                        Transmutation/Earth          4
   e - Lee's Rapid Deconstruction     Earth                        5
 G - a book of Necromancy

   Spells                             Type                      Level
   a - Pain                           Necromancy                   1
   b - Animate Skeleton               Necromancy                   1
   c - Vampiric Draining              Necromancy                   3
   d - Regeneration                   Charms/Necromancy            3
   e - Animate Dead                   Necromancy                   4
 H - a book of Misfortune

   Spells                             Type                      Level
   a - Confusing Touch                Hexes                        1
   b - Confuse                        Hexes                        3
   c - Gell's Gravitas                Translocation                3
   d - Petrify                        Transmutation/Earth          4
   e - Metabolic Englaciation         Hexes/Ice                    5
   f - Yara's Violent Unravelling     Hexes/Transmutation          5
 S - a book of Flames

   Spells                             Type                      Level
   a - Flame Tongue                   Conjuration/Fire             1
   b - Throw Flame                    Conjuration/Fire             2
   c - Conjure Flame                  Conjuration/Fire             3
   d - Inner Flame                    Hexes/Fire                   3
   e - Sticky Flame                   Conjuration/Fire             4
   f - Fireball                       Conjuration/Fire             5


   Skills:
 + Level 11.0 Fighting
 - Level 3.0 Armour
 - Level 5.0 Dodging
 + Level 1.8 Stealth
 - Level 2.8(5.1) Shields
 - Level 7.9(11.9) Spellcasting
 - Level 4.3(6.9) Conjurations
 - Level 2.0(4.0) Summonings
 - Level 3.0(5.3) Translocations
 - Level 7.0(9.7) Fire Magic
 - Level 2.0(4.0) Air Magic
 - Level 2.2(4.3) Poison Magic
 - Level 5.1(7.7) Evocations


You had 4 spell levels left.
You knew the following spells:

 Your Spells              Type           Power        Failure   Level  Hunger
a - Magic Dart            Conj           ####         1%          1    N/A
b - Call Imp              Summ           ####....     1%          2    N/A
c - Fireball              Conj/Fire      ######....   3%          5    N/A
d - Blink                 Tloc           N/A          1%          2    N/A
e - Passwall              Tmut/Erth      ##........   5%          2    N/A
f - Sticky Flame          Conj/Fire      ######..     1%          4    N/A
j - Conjure Flame         Conj/Fire      ######..     1%          3    N/A
m - Mephitic Cloud        Conj/Pois/Air  #####...     1%          3    N/A

Dungeon Overview and Level Annotations

Branches:
Dungeon (12/15)            Temple (1/1) D:5            Lair (2/6) D:10
  Swamp: Lair:2-4    Shoals: Lair:2-4     Snake: Lair:2-4    Spider: Lair:2-4
    Orc: D:9-12

Altars:
Ashenzari
Cheibriados
Dithmenos
Elyvilon
Fedhas
Gozag
Hepliaklqana
Kikubaaqudgha
Makhleb
Nemelex Xobeh
Okawaru
Qazlal
Ru
Sif Muna
Trog
Uskayaw
Vehumet
Wu Jian
Xom
Yredelemnul
Zin
The Shining One

Shops:
D:6 *   D:7 **}   D:8 (

Annotations:
D:6 1 runed door
D:10 exclusions: obsidian statue and orange crystal statue
D:12 Maurice


Innate Abilities, Weirdness & Mutations

You do not eat or drink.
Your flesh is vulnerable to fire.
You are immune to poison.
Your flesh is cold resistant. (rC+)
You are immune to negative energy. (rN+++)
You are immune to unholy pain and torment.
You can survive without breathing.


Message History

Okay, then!
Casting: Fireball (safe; 3% risk of failure)
Confirm with ! or Enter, or butts ? or * to list all spells!
Aiming: Fireball (safe; 3% risk of failure)
Press: ? - help, Shift-Dir - straight line You feel a surge of power!!!
The fireball explodes!!!
The fireball engulfs the yak!
The yak is heavily wounded!
The wyvern burns!!!
The yak is engulfed in noxious fumes!
The yak gores the yak!!!
The wyvern struggles against the net!
The net rips apart, and the wyvern comes free!!!
The yak butts engulfed in noxious fumes!
The yak appears confused!
Unknown command!
Unknown command!
The wyvern burns!!!
The yak seems less confused!
The wyvern bites you!!! * * * don't die
* * * The yak is butt in noxious fumes!
The yak appears confused!
The wyvern bites you!!! rip

,,* **, * ** *## , #... ,
*.......###..# #... ##... ,,*
.......#.#...###.#..###.... *
*#.......................... *
#.......................... *
#.......................... *
#......................?Y.. *
#........l..............{.= ,,
#.....§...@................ *
*##..#YDPY#...#####P#..#†#. ,*
#..Y###.### #*#...### , **
##.Y.# *## #....## , * ##..Y##
*## #.$.#.# ,
*###...###########.# ##...#. ,
,,.#.P...##{.##.##..####....##
,
..........YYY................
,
...........D.................


You could see an eight-headed hydra, 4 yaks and a wyvern (burning).

Vanquished Creatures
  A hydra (Lair:1)
  4 two-headed ogres
  A death yak (D:10)
  The ghost of p0werm0de the Cleaver, a novice OpGl of Ashenzari (D:11)
  The ghost of ThereIsNoGod the Thaumaturge, a novice SpVM of Gozag (D:9)
  A deep elf mage (D:12)
  An ugly thing (D:11)
  A komodo dragon (Lair:1)
  Prince Ribbit (D:7)
  Grinder (D:5)
  A slime creature (D:11)
  2 hippogriffs
  A spriggan (D:9)
  12 yaks
  2 hungry ghosts
  2 water moccasins
  4 porcupines
  2 black bears
  6 ice beasts
  2 sky beasts
  2 orc warriors
  2 necrophages (D:11)
  A phantom (D:4)
  4 wolves (Lair:1)
  4 ogres
  A crocodile (Lair:1)
  8 centaurs
  A wyvern zombie (D:11)
  9 bullfrogs
  4 scorpions
  6 killer bees (D:12)
  12 wights
  3 howler monkeys
  2 crimson imps
  3 bullfrog zombies
  2 centaur zombies
  2 jellies
  4 orc priests
  8 orc wizards
  6 hounds
  3 bullfrog skeletons
  2 iguanas
  5 worker ants
  A killer bee zombie (D:10)
  A big kobold zombie (Ossuary)
  9 mummies
  A worker ant zombie (D:10)
  3 gnolls
  11 adders
  4 shadow imps
  2 oozes (D:1)
  An adder skeleton (D:9)
  12 dart slugs
  5 leopard geckos
  37 orcs
  12 giant cockroaches
  3 goblins
  10 hobgoblins
  2 jackals (D:2)
  2 quokkas
  2 ball pythons
  5 bats
  8 frilled lizards
  2 gnoll zombies (Ossuary)
  2 hobgoblin zombies (Ossuary)
  5 kobolds
  A kobold zombie (Ossuary)
  2 orc zombies (Ossuary)
  6 rats
290 creatures vanquished.

Vanquished Creatures (collateral kills)
  A death yak (D:10)
  An ogre (D:6)
  An orc wizard (D:4)
  2 hounds (D:4)
  A centaur skeleton (D:4)
  A worker ant (D:4)
  A hound zombie (D:7)
  3 adders
  A worm (D:3)
  A dart slug (D:5)
  An orc (D:4)
  2 hobgoblins (D:3)
  4 jackals
  A rat (D:3)
21 creatures vanquished.

Vanquished Creatures (others)
  An orc priest (D:8)
  3 orcs (D:8)
  A fungus (Lair:2)
5 creatures vanquished.

Grand Total: 316 creatures vanquished

Notes
Turn   | Place    | Note
-------+----------+-------------------------------------------
     0 | D:1      | Gorglomux the Mummy Wizard began the quest for the Orb.
     0 | D:1      | Reached XP level 1. HP: 13/13 MP: 5/5
   133 | D:1      | Reached skill level 1 in Conjurations
   257 | D:1      | Reached XP level 2. HP: 16/19 MP: 0/7
   363 | D:1      | Learned a level 2 spell: Call Imp
   534 | D:1      | Learned a level 2 spell: Blink
  1058 | D:1      | Reached XP level 3. HP: 24/24 MP: 6/9
  1364 | D:1      | You fall through a shaft!
  1418 | D:2      | Learned a level 3 spell: Conjure Flame
  1422 | D:2      | Learned a level 3 spell: Mephitic Cloud
  1920 | D:2      | Reached skill level 1 in Translocations
  2025 | D:2      | Reached XP level 4. HP: 30/30 MP: 7/11
  2862 | D:3      | Found a bloodstained altar of Trog.
  3478 | D:4      | Reached XP level 5. HP: 35/35 MP: 7/12
  3515 | D:4      | Noticed a phantom
  3584 | D:4      | Reached skill level 3 in Conjurations
  3895 | D:4      | Found a blossoming altar of Fedhas.
  4027 | D:4      | Noticed an ogre
  4203 | D:4      | Found an ancient bone altar of Kikubaaqudgha.
  4208 | D:4      | Found a stormy altar of Qazlal.
  4208 | D:4      | Found a hazy altar of Hepliaklqana.
  4236 | D:4      | Noticed a hungry ghost
  4254 | D:4      | Killed a hungry ghost
  4254 | D:4      | Reached skill level 1 in Fire Magic
  4254 | D:4      | Reached skill level 1 in Air Magic
  4254 | D:4      | Reached XP level 6. HP: 41/41 MP: 1/13
  4745 | D:4      | Reached XP level 7. HP: 46/46 MP: 0/14
  4970 | D:5      | Entered Level 5 of the Dungeon
  5119 | D:5      | Reached skill level 1 in Poison Magic
  5348 | D:5      | Noticed Grinder
  5438 | D:5      | Found a staircase to the Ecumenical Temple.
  5445 | Temple   | Entered the Ecumenical Temple
  5581 | Temple   | Became a worshipper of Ashenzari the Shackled
  5961 | D:5      | Killed Grinder
  5961 | D:5      | Reached skill level 1 in Summonings
  6163 | D:5      | Reached XP level 8. HP: 26/52 MP: 2/15
  6335 | D:6      | Reached skill level 3 in Translocations
  6340 | D:6      | Reached skill level 3 in Fire Magic
  6506 | D:6      | Reached skill level 1 in Fighting
  6622 | D:6      | Found Luesokh's Assorted Antiques.
  6635 | D:6      | Reached skill level 2 in Fighting
  6709 | D:6      | Bought a scroll of identify for 64 gold pieces
  6709 | D:6      | Bought a scroll labeled MOECKU YTZAIST for 32 gold pieces
  6709 | D:6      | Bought an iron wand for 128 gold pieces
  6750 | D:6      | Found a snail-covered altar of Cheibriados.
  6796 | D:6      | Reached * piety under Ashenzari
  6837 | D:6      | Reached skill level 6 in Spellcasting
  7041 | D:6      | Reached skill level 3 in Fighting
  7045 | D:6      | Found a shadowy altar of Dithmenos.
  7159 | D:6      | Found a runed door.
  7252 | D:6      | You fall through a shaft!
  7359 | D:7      | Found Leappol's Assorted Antiques.
  7367 | D:7      | Bought a scroll labeled DAGEAN CIXZU for 24 gold pieces
  7526 | D:7      | Found Gebuh's General Store.
  7596 | D:7      | Noticed Prince Ribbit
  7613 | D:7      | Killed Prince Ribbit
  7613 | D:7      | Reached skill level 4 in Fighting
  7820 | D:7      | Found Dymm's Gadget Shop.
  7842 | D:7      | Reached ** piety under Ashenzari
  8212 | D:8      | Noticed a two-headed ogre
  8275 | D:8      | Reached XP level 9. HP: 62/67 MP: 13/20
  8287 | D:8      | Reached skill level 5 in Fighting
  8378 | D:8      | Found a sand-covered staircase.
  8391 | Ossuary  | Entered an ossuary
  8809 | D:8      | Found a shimmering altar of Xom.
  8814 | D:8      | Found a shimmering altar of Xom.
  8821 | D:8      | Noticed a two-headed ogre
  8847 | D:8      | Killed a two-headed ogre
  8847 | D:8      | Reached skill level 7 in Fighting
  8894 | D:8      | Found a shimmering altar of Xom.
  8894 | D:8      | Found a shimmering altar of Xom.
  8894 | D:8      | Found a shimmering altar of Xom.
  8898 | D:8      | Found a shimmering altar of Xom.
  8898 | D:8      | Found a shimmering altar of Xom.
  8973 | D:8      | Found Zaxzugg's Antique Weapon Shop.
  9051 | D:8      | Reached skill level 8 in Fighting
  9058 | D:8      | Learned a level 5 spell: Fireball
  9600 | D:8      | Killed a two-headed ogre
  9600 | D:8      | Reached skill level 9 in Fighting
  9600 | D:8      | Reached XP level 10. HP: 64/83 MP: 6/21
  9826 | D:9      | Noticed ThereIsNoGod's ghost (novice SpVM)
  9830 | D:9      | Killed ThereIsNoGod's ghost
  9989 | D:9      | Found a white marble altar of Elyvilon.
 10087 | D:9      | Reached *** piety under Ashenzari
 10158 | D:9      | Noticed a two-headed ogre
 10165 | D:9      | Killed a two-headed ogre
 10290 | D:9      | Reached skill level 10 in Fighting
 10568 | D:9      | Reached skill level 6 in Fire Magic
 11270 | D:9      | Found a sacrificial altar of Ru.
 11447 | D:10     | Entered Level 10 of the Dungeon
 11559 | D:10     | Noticed an orange crystal statue
 11570 | D:10     | Noticed a death yak
 11571 | D:10     | Noticed a death yak
 11571 | D:10     | Noticed a death yak
 11571 | D:10     | Noticed a death yak
 11637 | D:10     | Killed a death yak
 11748 | D:10     | Killed a death yak
 11930 | D:10     | Found a staircase to the Lair.
 12021 | D:10     | Reached XP level 11. HP: 90/92 MP: 16/22
 12075 | D:10     | Reached **** piety under Ashenzari
 12160 | D:10     | Reached skill level 1 in Shields
 12431 | D:10     | Noticed a two-headed ogre
 12441 | D:10     | Killed a two-headed ogre
 12532 | D:10     | Noticed an obsidian statue
 12667 | D:10     | Learned a level 2 spell: Passwall
 13680 | D:11     | Learned a level 4 spell: Sticky Flame
 13719 | D:11     | Noticed a white ugly thing
 13783 | D:11     | Killed a white ugly thing
 13783 | D:11     | Reached skill level 3 in Dodging
 14038 | D:11     | Noticed p0werm0de's ghost (novice OpGl)
 14048 | D:11     | Killed p0werm0de's ghost
 14530 | D:12     | Reached skill level 1 in Evocations
 14673 | D:12     | Noticed Maurice
 14673 | D:12     | Noticed a deep elf mage
 14681 | D:12     | Killed a deep elf mage
 14708 | D:12     | Noticed a deep elf mage
 14867 | D:12     | Reached skill level 3 in Evocations
 15242 | Lair:1   | Entered Level 1 of the Lair of Beasts
 15244 | Lair:1   | Noticed a six-headed hydra
 15254 | Lair:1   | Killed a six-headed hydra
 15638 | Lair:1   | Reached ***** piety under Ashenzari
 15695 | Lair:1   | Got the uncursed ring mail of Asuffimi {rPois rN+ Str+3 Dex-3}
 15706 | Lair:1   | Identified the +0 ring mail of Asuffimi {rPois rN+ Str+3 Dex-3} (You found it on level 1 of the Lair of Beasts)
 15949 | Lair:1   | Reached skill level 1 in Armour
 16407 | Lair:1   | Reached XP level 12. HP: 77/99 MP: 3/23
 16537 | Lair:2   | Reached skill level 3 in Armour
 16549 | Lair:2   | Noticed an eight-headed hydra
 16553 | Lair:2   | Reached skill level 11 in Fighting
 16594 | Lair:2   | Slain by a wyvern

Vault maps used:
D:1:      erik_arrival_cave_to_civilisation
D:3:      first_ration, trog_three_pillars_becter
D:4:      fedhas_altar_3, grunt_temple_overflow_open
D:5:      kennysheep_slugbush, minmay_temple_entry_nine_rooms, uniq_grinder
D:6:      cheibriados_altar_1, lemuel_doored_altar, serial_shops,
          nicolae_shop_waterfront, uniq_crazy_yiuf_cottage
D:7:      serial_shops, shop, kennysheep_mini, nicolae_shop_behind_doors,
          uniq_prince_ribbit1
D:8:      serial_shops, nicolae_shop_behind_doors, gup_ossuary_entry_pyramid,
          nicolae_xom_altar_mimics
D:9:      nicolae_overflow_crystal_walls, the_bakery, elyvilon_altar_5
D:10:     minmay_separated_statues, dpeg_lair_monsters
D:11:     serial_undead, serial_undead_b, serial_undead_e, serial_undead_f,
          serial_undead_f
D:12:     erik_orc_2, serial_shops, nicolae_shop_window_shopping,
          serial_bayou_pond_b, uniq_maurice
Temple:   regret_index_temple_waves
Lair:2:   minmay_lair_oklob_chamber
Ossuary:  ossuary_tomb_3

Skill      XL: |  1  2  3  4  5  6  7  8  9 10 11 12 |
---------------+-------------------------------------+-----
Conjurations   | 1 2 3 4 |  4.3
Spellcasting   | 5 7 |  7.9
Translocations | 1 2 3 |  3.0
Fire Magic     | 1 2 3 4 7 |  7.0
Air Magic      | 1 2 |  2.0
Poison Magic   | 2 |  2.2
Summonings     | 2 |  2.0
Fighting       | 4 9 10 11 | 11.0
Shields        | 2 |  2.8
Dodging        | 5 |  5.0
Evocations     | 5 |  5.1
Armour         | 2 3 |  3.0
Stealth        | |  1.8

Action                   |  1- 3 |  4- 6 |  7- 9 | 10-12 || total
-------------------------+-------+-------+-------+-------++-------
Melee: Unarmed           |     5 |       |       |       ||     5
       Dagger            |       |    26 |    23 |       ||    49
       Staff             |       |       |       |    77 ||    77
Throw: Throwing net      |       |       |       |     1 ||     1
 Cast: Magic Dart        |   111 |   140 |   476 |   398 ||  1125
       Call Imp          |     3 |    20 |    13 |     6 ||    42
       Blink             |       |     1 |     4 |     5 ||    10
       Conjure Flame     |       |     6 |    25 |    16 ||    47
       Mephitic Cloud    |       |       |    19 |    26 ||    45
       Fireball          |       |       |     4 |    88 ||    92
       Sticky Flame      |       |       |       |    24 ||    24
       Passwall          |       |       |       |     2 ||     2
Invok: Curse Item        |       |       |       |     2 ||     2
       Scrying           |       |       |       |     2 ||     2
Evoke: Wand              |       |       |     3 |     3 ||     6
  Use: Scroll            |       |     1 |     8 |     2 ||    11
 Stab: Confused          |       |       |       |     1 ||     1
Armor: Robe              |     6 |     6 |    11 |    42 ||    65
       Ring mail         |       |       |       |     3 ||     3
Dodge: Dodged            |    30 |    40 |    74 |   155 ||   299
Block: Buckler           |       |       |       |    37 ||    37

Table legend:
 A = Spawn XP
 B = Non-spawn XP
 C = Spawn XP percentage of total XP
 D = Spawn monster count
 E = Non-spawn monster count
 F = Spawn count percentage of total count
 G = Total turns spent on level
                    A         B        C        D         E        F      G
               +---------+---------+-------+---------+---------+-------+---------
         Total |       0 |   22765 |   0.0 |       0 |     311 |   0.0 | 16594
               +---------+---------+-------+---------+---------+-------+---------
           D:1 |       0 |      52 |   0.0 |       0 |      24 |   0.0 |  1364
           D:2 |       0 |      72 |   0.0 |       0 |      28 |   0.0 |  1280
           D:3 |       0 |      49 |   0.0 |       0 |      16 |   0.0 |   797
           D:4 |       0 |     669 |   0.0 |       0 |      20 |   0.0 |  1681
           D:5 |       0 |     593 |   0.0 |       0 |      19 |   0.0 |  1137
           D:6 |       0 |     609 |   0.0 |       0 |      17 |   0.0 |   823
           D:7 |       0 |     708 |   0.0 |       0 |      10 |   0.0 |   997
           D:8 |       0 |    2796 |   0.0 |       0 |      32 |   0.0 |  1202
           D:9 |       0 |    3033 |   0.0 |       0 |      31 |   0.0 |  1637
          D:10 |       0 |    3744 |   0.0 |       0 |      24 |   0.0 |  1785
          D:11 |       0 |    3166 |   0.0 |       0 |      29 |   0.0 |  1956
          D:12 |       0 |    1500 |   0.0 |       0 |      15 |   0.0 |    54
        Lair:1 |       0 |    4560 |   0.0 |       0 |      24 |   0.0 |  1256
        Lair:2 |       0 |    1034 |   0.0 |       0 |       6 |   0.0 |    96
       Ossuary |       0 |     180 |   0.0 |       0 |      16 |   0.0 |   359
               +---------+---------+-------+---------+---------+-------+---------
